AoeStats
← Zagnaros

Arabia

508598710Analyzed
1v1 RM · 10d ago on Sep 23, 2026· 43m 26s· 2 players
Game mode
Random Map
Map size
Tiny (2 player)
Population
200
Speed
Normal
Resources
Standard
Victory
Conquest
Starting age
Dark Age
Ending age
Imperial Age
RankedLock teamsTeams togetherTeam positionsShared explorationLock speedFull tech treeHidden civsTurbo modeCheats
Victory
Defeat
🇦🇺 Slavs · Australia
980
+15
🇫🇷 Vietnamese · France
955
-15
Zagnaros
7:51 Loom
11:03 Feudal Age
11:29 Double-Bit Axe
12:35 Horse Collar
12:49 Gold Mining
16:14 Fletching
23:05 Castle Age
23:13 Crossbowman
23:59 Thumb Ring
24:40 Bodkin Arrow
24:45 Padded Archer Armor
26:26 Leather Archer Armor
28:05 Bow Saw
29:54 Wheelbarrow
31:53 Ballistics
32:52 Heavy Plow
33:33 Stone Mining
ROC
5:02 Loom
15:49 Feudal Age
16:33 Double-Bit Axe
16:33 Horse Collar
17:28 Forging
17:23 Scale Barding Armor
18:16 Bloodlines
24:40 Castle Age
25:54 Bow Saw
26:41 Heavy Plow
27:13 Light Cavalry
27:54 Husbandry
31:44 Gold Mining
31:44 Stone Mining
33:26 Town Watch
34:17 Wheelbarrow
33:37 Fletching
33:48 Padded Archer Armor
34:26 Iron Casting
35:50 Chain Barding Armor
35:21 Fletching
42:15 Imperial Age
40:27 Bodkin Arrow
42:29 Cavalier
Connection lost

Rejoining the realm…

Still unreachable

The connection could not be restored.

Session expired

The server has moved on; the page needs a fresh start.